 Dungeon Crawl Stone Soup version 0.30.0-29-ga12c61a403 (webtiles) character file.

Game seed: 1894213434807835218

1341 Bamboolord the Ducker (level 8, -8/37 HPs)
             Began as a Felid Summoner on June 18, 2023.
             Was an Initiate of Gozag.
             Killed by divine providence
             ... invoked by an orc priest
              (13 damage)
             ... on level 8 of the Dungeon.
             The game lasted 00:45:19 (8731 turns).

Bamboolord the Ducker (Felid Summoner)              Turns: 8731, Time: 00:45:20

Health: -8/37      AC:  2    Str:  4    XL:     8   Next: 35%
Magic:  16/17      EV: 21    Int: 18    God:    Gozag
Gold:   567        SH:  0    Dex: 17    Spells: 2/18 levels left
                                        Lives:  0   Deaths: 2

rFire   . . .        (weapon unavailable)
rCold   . . .        (shield unavailable)
rNeg    + . .        (body armour unavailable)
rPois   .            (helmet unavailable)
rElec   .            (cloak unavailable)
rCorr   .            (gloves unavailable)
SInv    +            (boots unavailable)
Will    +....        (no amulet)
Stlth   ++           d - ring of positive energy
HPRegen 0.26/turn    h - ring of wizardry
MPRegen 0.15/turn

%: wizardry (x1)
@: quick
A: very small, claws 1, fangs 3, see invisible, speed 1, shaggy fur 2, stealthy
paws, no weapons or thrown items, no armour, multi-lived
a: Renounce Religion, Potion Petition, Call Merchant, Bribe Branch


You were on level 8 of the Dungeon.
You worshipped Gozag.
Gozag was pleased with you.
You visited 1 branch of the dungeon, and saw 8 of its levels.

You collected 1048 gold pieces.
You spent 426 gold pieces at shops.
You paid 55 gold pieces to Gozag.

Inventory:

Jewellery
 d - a ring of positive energy (left paw)
 h - a ring of wizardry (right paw)
Wands
 b - a wand of flame (22)
 x - a wand of charming (12)
 A - a wand of polymorph (11)
Scrolls
 f - a scroll of fog
 i - 2 scrolls of silence
 m - 2 scrolls of vulnerability
 n - 3 scrolls of amnesia
 o - a scroll of immolation {unknown}
 q - a scroll of magic mapping {unknown}
 t - a scroll of fear {unknown}
 v - a scroll of teleportation {unknown}
Potions
 a - a potion of magic
 c - 2 potions of might {unknown}
 e - 3 potions of lignification
 g - 3 potions of degeneration {unknown}
 j - a potion of ambrosia {unknown}
 k - 3 potions of cancellation
 l - a potion of brilliance {unknown}
 r - 2 potions of haste
 s - 2 potions of mutation {unknown}
 u - a potion of berserk rage
 w - a potion of flight {unknown}
 z - a potion of attraction {unknown}
 B - a potion of invisibility {unknown}


   Skills:
 * Level 5.1 Fighting
 * Level 7.3 Dodging
 - Level 2.6 Stealth
 * Level 5.7 Spellcasting
 - Level 5.0 Hexes
 * Level 7.1 Summonings
 * Level 4.2 Air Magic


You had 2 spell levels left.
You knew the following spells:

 Your Spells              Type           Power      Damage    Failure   Level
a - Summon Small Mammal   Summ           100%       N/A       1%          1
b - Call Imp              Summ           62%        N/A       1%          2
c - Call Canine Familiar  Summ           31%        N/A       1%          3
d - Summon Guardian Gole  Hex/Summ       27%        N/A       1%          3
e - Summon Lightning Spi  Summ/Air       25%        N/A       4%          4
f - Swiftness             Air            20%        N/A       2%          3

Your spell library contained the following spells:

 Spells                   Type           Power      Damage    Failure   Level
 Ensorcelled Hibernation  Hex/Ice        28%        N/A       2%          2
 Poisonous Vapours        Pois/Air       24%        N/A       3%          2
 Passwall                 Tmut/Erth      4%         N/A       8%          2
 Vhi's Electric Charge    Tloc/Air       24%        N/A       6%          3
 Mephitic Cloud           Conj/Pois/Air  10%        N/A       9%          3
 Arcjolt                  Conj/Air       6%         1d16      47%         5
 Freezing Cloud           Conj/Ice/Air   5%         6-21      56%         5
 Plasma Beam              Fire/Air       6%         2x1d18    95%         6


Dungeon Overview and Level Annotations

Branches:
Dungeon (8/15)             Temple (0/1) D:5
   Lair: D:8-11

Altars:
Fedhas
Gozag
Nemelex Xobeh
Qazlal
Ru
Sif Muna
Vehumet
Wu Jian
Xom

Shops:
D:3 [[**(   D:4 (


Innate Abilities, Weirdness & Mutations

You have sharp claws.
You have razor-sharp teeth.
You have supernaturally acute eyesight. (SInv)
You cover ground quickly. (Speed+)
You are covered in thick fur. (AC +2)
Your paws help you pounce on unaware monsters.
You are incapable of wielding weapons or throwing items.
You cannot wear armour.
You gain extra lives every three experience levels.


Message History

Your cerulean imp barely misses the orc priest.
Unknown command.
The orc hits your cerulean imp with a +0 club.
Your cerulean imp hits the orc with a -1 spear.
The orc closely misses your cerulean imp.
Your cerulean imp barely misses the orc.
The orc priest casts a cantrip, but nothing happens.
The orc hits your cerulean imp but does no damage.
Your cerulean imp hits the orc with a -1 spear.
The orc priest looks encouraged for a moment.
The orc closely misses your cerulean imp.
Your cerulean imp hits the orc with a -1 spear.
The orc misses your cerulean imp.
Your cerulean imp hits the orc with a -1 spear.
The orc dies!
Your cerulean imp closely misses the orc priest.
The orc priest mumbles some strange prayers to Beogh against you.
Beogh smites you!
Your cerulean imp hits the orc priest with a -1 spear.
The orc priest invokes the aid of Beogh against your cerulean imp.
Your cerulean imp is smitten.
Your cerulean imp dies!
Your cerulean imp disappears in a puff of smoke!
The orc priest hits your hound but does no damage.
Your hound bites the orc priest but does no damage.
Your hound bites the orc priest but does no damage.
The orc priest mumbles some strange prayers to Beogh against you.
Beogh smites you!
Your hound bites the orc priest but does no damage.
The orc priest closely misses your hound.
Your hound bites the orc priest.
The orc priest invokes the aid of Beogh against you.
Beogh smites you!
* * * LOW HITPOINT WARNING * * *
Your hound bites the orc priest but does no damage.
Your hound bites the orc priest.
The orc priest mumbles some strange prayers to Beogh against you.
Beogh smites you!
You die...
Your body crumbles into a pile of gold.

<....## #..# #.#..###.##
####..# #..# #.#### #.##
##.# #..# #.# #.## #.# #..#
#.######o## #.# #..#
#...§.§o#.. #.########..#
#..#####.## #........<..#
#..#####.#
##########.########........#
#..@....ho..#######
#############


You could see an orc priest (ally target) and a friendly hound (summoned).

Vanquished Creatures
  2 gnolls (D:5)
  An adder (D:5)
  An orc (D:3)
  A ball python (D:1)
5 creatures vanquished.

Vanquished Creatures (collateral kills)
  A steam dragon (D:8)
  A sky beast (D:7)
  2 phantoms
  A kobold brigand (D:7)
  A bullfrog (D:7)
  3 scorpions
  2 howler monkeys (D:7)
  2 jellies
  4 hounds
  A gnoll bouda (D:5)
  3 sleepcaps
  3 orc wizards
  7 gnolls
  8 adders
  3 white imps
  An ufetubus (D:4)
  A worm (D:4)
  6 dart slugs
  23 orcs
  9 endoplasms
  8 goblins
  8 hobgoblins
  7 jackals
  15 kobolds
  4 quokkas
  5 ball pythons
  5 bats
  7 frilled lizards
  10 rats
151 creatures vanquished.

Vanquished Creatures (others)
  Pargi (D:3)
  2 ice beasts
  3 ogres
  A centaur (D:7)
  2 bullfrogs (D:6)
  A scorpion (D:7)
  3 killer bees (D:8)
  2 hounds (D:5)
  2 jellies
  A sleepcap (D:5)
  A gnoll bouda (D:4)
  Robin (D:3)
  4 gnolls
  An ufetubus (D:5)
  7 orcs
  2 goblins (D:3)
34 creatures vanquished.

Grand Total: 190 creatures vanquished

Notes
Turn   | Place    | Note
-------+----------+-------------------------------------------
     0 | D:1      | Bamboolord the Felid Summoner began the quest for the Orb.
     0 | D:1      | Reached XP level 1. HP: 7/7 MP: 4/4
   152 | D:1      | Reached XP level 2. HP: 11/11 MP: 0/6
   448 | D:1      | Learned a level 2 spell: Call Imp
   597 | D:1      | Reached XP level 3. HP: 14/14 MP: 5/8
   601 | D:1      | Learned a level 3 spell: Call Canine Familiar
  1588 | D:2      | Reached XP level 4. HP: 18/18 MP: 9/9
  1592 | D:2      | Learned a level 3 spell: Summon Guardian Golem
  2220 | D:3      | Found Plog's Antique Armour Shoppe.
  2224 | D:3      | You fall into a shaft and drop 1 floor!
  2275 | D:4      | Reached skill level 1 in Hexes
  2275 | D:4      | Reached skill level 5 in Summonings
  2381 | D:3      | Found Lunefroz's Assorted Antiques.
  2381 | D:3      | Noticed Robin
  2388 | D:3      | Reached skill level 1 in Fighting
  2402 | D:3      | Reached XP level 5. HP: 11/22 MP: 0/11
  2405 | D:3      | Killed Robin
  2639 | D:3      | Found Hocapt's General Store.
  2649 | D:3      | Bought 2 potions of curing for 78 gold pieces
  2652 | D:3      | Found a shimmering altar of Xom.
  2661 | D:3      | Found a sparkling altar of Nemelex Xobeh.
  2669 | D:3      | Found an ornate altar of the Wu Jian Council.
  2669 | D:3      | Noticed Pargi
  2702 | D:3      | Killed Pargi
  2703 | D:3      | Gained mutation: You are covered in thick fur. (AC +2)
                  | [Felid growth]
  2703 | D:3      | Reached XP level 6. HP: 26/26 MP: 8/12
  2798 | D:3      | Found Heibbos's Antique Armour Emporium.
  2993 | D:3      | Found a stormy altar of Qazlal.
  2995 | D:3      | Found an opulent altar of Gozag.
  3001 | D:3      | Found a blossoming altar of Fedhas.
  3007 | D:3      | Found Eppofuel's Weapon Shop.
  3290 | D:4      | Found Nurif's Weapon Boutique.
  3519 | D:3      | Became a worshipper of Gozag Ym Sagoz the Greedy
  3560 | D:4      | Found a radiant altar of Vehumet.
  4156 | D:4      | Reached skill level 1 in Air Magic
  4156 | D:4      | Reached XP level 7. HP: 30/30 MP: 3/14
  4475 | D:4      | Learned a level 4 spell: Summon Lightning Spire
  4531 | D:5      | Entered Level 5 of the Dungeon
  4644 | D:5      | Slain by a gnoll bouda
  4645 | D:5      | Reached XP level 6. HP: -1/27 MP: 0/13
  4876 | D:5      | Reached skill level 5 in Dodging
  4880 | D:5      | Reached XP level 7. HP: 15/31 MP: 7/14
  4999 | D:5      | Found a staircase to the Ecumenical Temple.
  5440 | D:5      | Reached skill level 5 in Hexes
  5734 | D:3      | Bought 2 fizzy green potions for 41 gold pieces
  5734 | D:3      | Bought a scroll labelled TUAXYUGOOV for 23 gold pieces
  5734 | D:3      | Bought a scroll labelled RIKHUA HUOPHE for 23 gold pieces
  5776 | D:3      | Bought a potion of berserk rage for 65 gold pieces
  5776 | D:3      | Bought a potion of cancellation for 104 gold pieces
  5818 | D:3      | Bought a scroll of vulnerability for 92 gold pieces
  5960 | D:6      | Identified the +8 plate armour of the Manifold Knaves
                  | {rPois rC+ Int-3 Dex+2}
  5973 | D:6      | Reached XP level 8. HP: 35/36 MP: 11/16
  6481 | D:6      | Reached skill level 5 in Spellcasting
  6667 | D:6      | Learned a level 3 spell: Swiftness
  7005 | D:7      | Found a shimmering blue altar of Sif Muna.
  7805 | D:7      | Found a sacrificial altar of Ru.
  8105 | D:8      | Killed from afar by a steam dragon
  8106 | D:8      | Reached XP level 7. HP: -2/33 MP: 16/16
  8298 | D:8      | Reached XP level 8. HP: 36/36 MP: 11/17
  8544 | D:8      | Reached skill level 5 in Fighting
  8731 | D:8      | Killed from afar by an orc priest

Illustrated notes

Levels and vault maps discovered:
D:1:      wander_arrival_fairy_ring, layout_loops_ring
D:2:      layout_basic, minmay_split_cup_small
D:3:      layout_basic, nicolae_overflow_hallway_of_the_gods, serial_shops,
          shop, shop, nicolae_shop_peninsula, shop,
          nicolae_shop_pleasant_corner_grove, st_stairs_6, uniq_robin,
          uniq_pargi
D:4:      minmay_recursive_quarters, layout_loops_ring,
          mainiacjoe_overflow_paths, serial_shops,
          nicolae_shop_tiny_statue_garden
D:5:      layout_basic, minmay_temple_entry_antechambers,
          minmay_fractal_squares_gapless_5
D:6:      layout_loops_ring
D:7:      layout_rooms, nicolae_sif_muna_condensation, kennysheep_mini
D:8:      layout_loops_ring, mainiacjoe_overflow_brackets,
          nicolae_overflow_hidden_temple, roderic_serpentine_path

Skill      XL: |  1  2  3  4  5  6  7  8 |
---------------+-------------------------+-----
Spellcasting   | 3 4 5 |  5.7
Dodging        | 3 5 7 6 |  7.3
Hexes          | 1 2 4 5 |  5.0
Summonings     | 5 6 7 |  7.1
Fighting       | 1 3 5 |  5.1
Air Magic      | 2 4 |  4.2
Stealth        | |  2.6

Action                     |  1- 3 |  4- 6 |  7- 9 || total
---------------------------+-------+-------+-------++-------
  Melee: Unarmed           |     6 |    27 |    20 ||    53
         Bite              |     1 |       |     3 ||     4
   Cast: Summon Small Mamm |    39 |     8 |     4 ||    51
         Call Imp          |     9 |    21 |    18 ||    48
         Call Canine Famil |     3 |    27 |    27 ||    57
         Summon Guardian G |       |    14 |    39 ||    53
         Summon Lightning  |       |       |     6 ||     6
    Use: Potion            |       |     3 |     3 ||     6
         Scroll            |       |     4 |     5 ||     9
 Armour: Skin              |       |     3 |     1 ||     4
  Dodge: Dodged            |    12 |    71 |    58 ||   141
